 Dungeon Crawl Stone Soup version 0.30-a0-305-g026cb31310 (webtiles) character file.

Game seed: 5067589437065110172

44 porpoise the Slasher (level 3, -3/26 HPs)
             Began as a Demonspawn Monk on Oct 23, 2022.
             Was a Believer of Hepliaklqana.
             Killed by nerve-wracking pain
             ... invoked by Grinder
              (7 damage)
             ... on level 3 of the Dungeon.
             The game lasted 00:06:40 (2391 turns).

porpoise the Slasher (Demonspawn Monk)              Turns: 2391, Time: 00:06:41

Health: -3/26      AC:  5    Str: 11    XL:     3   Next: 41%
Magic:  3/3        EV: 11    Int: 11    God:    Hepliaklqana [**....]
Gold:   195        SH:  0    Dex: 17    Spells: 2/2 levels left

rFire   . . .      SeeInvis .    a - +2 short sword (venom)
rCold   . . .      Faith    .    (no shield)
rNeg    . . .      Spirit   .    e - +0 ring mail
rPois   .          Reflect  .    (helmet restricted)
rElec   .          Harm     .    (no cloak)
rCorr   .          Rampage  .    (no gloves)
Will    .....                    (no boots)
Stlth   +.........               (no amulet)
HPRegen 0.24/turn                (no ring)
MPRegen 0.08/turn                (no ring)

@: no status effects
A: reduced essence, antennae 1, foul stench 1
a: Renounce Religion, Recall Ancestor, Ancestor Identity


You were on level 3 of the Dungeon.
You worshipped Hepliaklqana.
Hepliaklqana was pleased with you.
You visited 1 branch of the dungeon, and saw 3 of its levels.

You collected 195 gold pieces.

Inventory:

Hand Weapons
 a - a +2 short sword of venom (weapon)
 b - a +0 sling
 j - a +0 long sword
 w - a +0 dagger of venom
 W - a +0 rapier
Missiles
 d - 4 poisoned darts
Armour
 e - a +0 ring mail (worn)
Jewellery
 q - a ring of ice
Wands
 m - a wand of flame (19)
Scrolls
 h - a scroll of noise
 o - a scroll of fog {unknown}
 p - a scroll of blinking {unknown}
Potions
 c - a potion of ambrosia
 f - a potion of flight
 g - a potion of attraction
 i - a potion of lignification
 k - 2 potions of mutation
 l - a potion of haste
 n - a potion of might {unknown}


   Skills:
 + Level 3.5 Fighting
 * Level 0.7(2.3) Short Blades
 - Level 3.5(3.6) Long Blades
 - Level 2.6 Dodging
 - Level 1.7 Stealth


You had 2 spell levels left.
You didn't know any spells.
Your spell library contained the following spells:

 Spells                   Type           Power      Damage    Failure   Level
 Sandblast                Erth           0%         2d4       65%         1
 Passwall                 Tmut/Erth      0%         N/A       78%         2
 Stone Arrow              Conj/Erth      0%         3d7       95%         3


Dungeon Overview and Level Annotations

Branches:
Dungeon (3/15)

Altars:
Hepliaklqana
Makhleb

Annotations:
D:3 2 transporters, Grinder; koil's ghost, amateur SpEn


Innate Abilities, Weirdness & Mutations

Your life essence is reduced to manifest your ancestor. (-10% HP)
You have a pair of small antennae on your head.
You may rarely emit foul miasma when damaged in melee.


Message History

Grinder comes into view.
Grinder shouts!
You hit Grinder.
Grinder is lightly wounded.
Grinder blinks!
Niki points at Grinder and mumbles some strange words.
Grinder easily resists.
You hit Grinder but do no damage.
Grinder is lightly wounded.
Grinder hits you.
You writhe in agony.
Niki casts a spell at Grinder.
Grinder seems to slow down.
You hit Grinder but do no damage.
Grinder is poisoned.
Grinder is lightly wounded.
Grinder gestures at you.
You suddenly lose the ability to move!
Grinder hits you.
You writhe in agony.
Grinder is no longer moving slowly.
Grinder hits you but does no damage.
You can move again.
You hit Grinder.
Grinder looks even sicker.
Grinder is moderately wounded.
Grinder closely misses you.
Niki casts a spell at Grinder.
Grinder easily resists.
You hit Grinder.
Grinder looks as sick as possible!
Grinder is moderately wounded.
Grinder blinks!
Niki closely misses Grinder.
Grinder hits Niki!
Niki is destroyed!
Grinder hits you.
You writhe in agony.
* * * LOW HITPOINT WARNING * * *
You closely miss Grinder.
Grinder is heavily wounded.
Grinder hits you but does no damage.
You barely miss Grinder.
Grinder is severely wounded.
Grinder gestures at you. Pain shoots through your body!
You die...

###############
#.<.......<...#
#.###########.# #####
#.#
#.#############....
#.#
#5@...#.......#.###
#.#
#########.......#####
#.# #......##...#...#
#. #.#
#.####..'..###..####.
#.# #.#
##.##...#...#.... #.#
#.###.###.......#####
#.# #......##.......#
#.#####
#####.#.#########
#.....# #>##.#..#


You could see Grinder (extremely poisoned).

Vanquished Creatures
  An adder (D:3)
  An orc (D:3)
  2 endoplasms (D:1)
  4 goblins
  4 hobgoblins
  3 jackals (D:1)
  3 ball pythons
  4 bats
  5 frilled lizards
  2 kobolds
  5 rats (D:1)
34 creatures vanquished.

Vanquished Creatures (others)
  A hexer (D:3)
1 creature vanquished.

Grand Total: 35 creatures vanquished

Notes
Turn   | Place    | Note
-------+----------+-------------------------------------------
     0 | D:1      | porpoise the Demonspawn Monk began the quest for the Orb.
     0 | D:1      | Reached XP level 1. HP: 18/18 MP: 1/1
   374 | D:1      | Gained mutation: You may rarely emit foul miasma when
                  | damaged in melee. [demonic ancestry]
   374 | D:1      | Reached XP level 2. HP: 24/24 MP: 2/2
  1140 | D:2      | Found a faded altar of an unknown god.
  1693 | D:3      | Found a burning altar of Makhleb.
  1836 | D:3      | Gained mutation: You have a pair of small antennae on your
                  | head. [demonic ancestry]
  1836 | D:3      | Reached XP level 3. HP: 29/29 MP: 3/3
  1861 | D:3      | Found a hazy altar of Hepliaklqana.
  1864 | D:3      | Became a worshipper of Hepliaklqana the Forgotten
  1864 | D:3      | Reached * piety under Hepliaklqana
  1864 | D:3      | Reached ** piety under Hepliaklqana
  1865 | D:3      | Remembered your ancestor Niki as a hexer
  1876 | D:3      | Found a transporter.
  1878 | D:3      | Identified the +6 giant club of Dishonour {vorpal, Will+}
  1878 | D:3      | Noticed an ogre
  1941 | D:3      | Noticed koil's ghost (amateur SpEn)
  1941 | D:3      | Noticed an ogre
  1941 | D:3      | Noticed an ogre
  1942 | D:3      | Found a transporter.
  2376 | D:3      | Noticed Grinder
  2381 | D:3      | Paralysed by Grinder for 4 turns
  2391 | D:3      | Killed from afar by Grinder

Illustrated notes

Levels and vault maps discovered:
D:1:      matt_arrival_refuge, layout_basic, serial_bayou, serial_bayou_pond_e,
          serial_bayou_lagoon_a, serial_bayou_shore_a, serial_bayou_pond_e,
          serial_bayou_lake_a, serial_bayou_crossing,
          minmay_misc_feat_more_columns
D:2:      layout_basic, shapermc_ecumenical_altar_mp_ritualfount,
          dreamdust_mushroom_princess, kennysheep_another_room
D:3:      layout_loops_ring, nzn_hepliaklqana_mist_gate,
          nicolae_overflow_crystal_walls, gammafunk_ghost_smash,
          kennysheep_generic_room_8, uniq_grinder

Skill      XL: |  1 |
---------------+----+-----
Long Blades    | 3 |  3.5
Fighting       | |  3.5
Short Blades   | |  0.7
Dodging        | |  2.6
Stealth        | |  1.7

Action                   || total
-------------------------++-------
Melee: Falchion          ||    61
       Punch             ||     1
       Long sword        ||     9
       Short sword       ||    20
Invok: Ancestor Life: He ||     1
       Ancestor Identity ||     1
  Use: Scroll            ||     6
 Stab: Sleeping          ||     2
Armor: Ring mail         ||    20
Dodge: Dodged            ||    41

Table legend: (Time is in decaauts)
 A = Elapsed time spent in this place.
 B = Non-inter-level travel time spent in this place.
 C = Inter-level travel time spent in this place.
 D = Time resting spent in this place.
 E = Time spent auto-exploring this place.
 F = Levels seen in this place.
 G = Mean time per level.
                   A        B        C        D        E       F      G
               +--------+--------+--------+--------+--------+-----+--------+
         Total |   2461 |   2347 |    114 |     71 |   1920 |   3 |  820.3 |
       Dungeon |   2461 |   2347 |    114 |     71 |   1920 |   3 |  820.3 |
               +--------+--------+--------+--------+--------+-----+--------+

Top non-repeatable levels by time:
     D:1: 1104 daAuts
     D:3: 701 daAuts
     D:2: 656 daAuts
